TOP OF THE 1ST |
Watertown Headhunters batting - Pitching for Rancho Cucamonga Sick Monkeys : RHP Gerald Dunham
|
Pitching: RHP Gerald Dunham
|
|
Batting: RHB Victor Gilbert
|
0-0: Ball 1-0: Called Strike 1-1: Swinging Strike 1-2: Foul Ball, location: 2F 1-2: Strikes out swinging
|
Batting: RHB António Trevino
|
0-0: Ball 1-0: Fly out, F8 (Flyball, 8LS)
|
Batting: LHB Edward Bennett
|
0-0: Ball 1-0: Called Strike 1-1: SINGLE (Groundball, 34D)
|
Batting: RHB David Silva
|
0-0: Foul Ball, location: 2F 0-1: Ball 1-1: Foul Ball, location: 2F 1-2: Ball 2-2: Foul Ball, location: 2F 2-2: Strikes out swinging
|
Top of the 1st over - 0 run(s), 1 hit(s), 0 error(s), 1 left on base; Watertown 0 - Rancho Cucamonga 0 |
BOTTOM OF THE 1ST |
Rancho Cucamonga Sick Monkeys batting - Pitching for Watertown Headhunters : RHP Steve Pérez
|
Pitching: RHP Steve Pérez
|
|
Batting: LHB Ed Ballard
|
0-0: Ball 1-0: Ground out U3 (Groundball, 3)
|
Batting: LHB José Esparza
|
0-0: Ball 1-0: Ground out 1-3 (Groundball, 15S)
|
Batting: LHB Carl Hayden
|
0-0: Ball 1-0: Fly out, F7 (Flyball, 7S)
|
Bottom of the 1st over - 0 run(s), 0 hit(s), 0 error(s), 0 left on base; Watertown 0 - Rancho Cucamonga 0 |
TOP OF THE 2ND |
Watertown Headhunters batting - Pitching for Rancho Cucamonga Sick Monkeys : RHP Gerald Dunham
|
Batting: LHB Wilson Turner
|
0-0: Called Strike 0-1: Swinging Strike 0-2: Foul Ball, location: 2F 0-2: Ground out 4-3 (Groundball, 4)
|
Batting: RHB Mike Hurt
|
0-0: Called Strike 0-1: Ball 1-1: Swinging Strike 1-2: Strikes out swinging
|
Batting: LHB Javier Morales
|
0-0: Ball 1-0: Swinging Strike 1-1: Ball 2-1: Swinging Strike 2-2: Ground out 4-3 (Groundball, 4)
|
Top of the 2nd over - 0 run(s), 0 hit(s), 0 error(s), 0 left on base; Watertown 0 - Rancho Cucamonga 0 |
BOTTOM OF THE 2ND |
Rancho Cucamonga Sick Monkeys batting - Pitching for Watertown Headhunters : RHP Steve Pérez
|
Batting: LHB Paul Holcomb
|
0-0: Called Strike 0-1: Ball 1-1: Ball 2-1: Ball 3-1: Base on Balls
|
Batting: RHB Arlen Jones
|
0-0: Foul Ball, location: 2F 0-1: Foul Ball, location: 2F 0-2: Strikes out swinging
|
Batting: RHB Lyle Jackson
|
0-0: Called Strike 0-1: Swinging Strike 0-2: Ball 1-2: Fly out, F8 (Line Drive, 8RM)
|
Batting: LHB Jesús Miranda
|
0-0: Called Strike Paul Holcomb steals 2nd base 0-1: Ball 1-1: Ball 2-1: Ball 3-1: Fly out, F9 (Flyball, 89S)
|
Bottom of the 2nd over - 0 run(s), 0 hit(s), 0 error(s), 1 left on base; Watertown 0 - Rancho Cucamonga 0 |
TOP OF THE 3RD |
Watertown Headhunters batting - Pitching for Rancho Cucamonga Sick Monkeys : RHP Gerald Dunham
|
Batting: RHB Jeff Richardson
|
0-0: Ball 1-0: Ball 2-0: Fly out, F2 (Popup, 15)
|
Batting: SHB Patrizio Batistuta
|
0-0: Foul Ball, location: 2F 0-1: Foul Ball, location: 2F 0-2: Ball 1-2: Strikes out swinging
|
Batting: RHB Victor Gilbert
|
0-0: Called Strike 0-1: Ball 1-1: Fly out, F7 (Line Drive, 78M)
|
Top of the 3rd over - 0 run(s), 0 hit(s), 0 error(s), 0 left on base; Watertown 0 - Rancho Cucamonga 0 |
BOTTOM OF THE 3RD |
Rancho Cucamonga Sick Monkeys batting - Pitching for Watertown Headhunters : RHP Steve Pérez
|
Batting: SHB Keith Hale
|
0-0: Ball 1-0: Bunt missed! 1-1: Ball 2-1: Ball 3-1: Base on Balls
|
Batting: RHB Martín Rodríguez
|
0-0: Hit by Pitch Keith Hale to second
|
Batting: LHB Ed Ballard
|
0-0: Called Strike 0-1: Ball 1-1: Foul Ball, location: 2F 1-2: Ball 2-2: Strikes out swinging
|
Batting: LHB José Esparza
|
0-0: Called Strike 0-1: Ball 1-1: Ball 2-1: Foul Ball, location: 2F 2-2: Fielders Choice at 2nd, 3-6 (Groundball, 34) Keith Hale to third
|
Batting: LHB Carl Hayden
|
0-0: Ball 1-0: Called Strike 1-1: Ball 2-1: Called Strike 2-2: SINGLE (Line Drive, 8LS) Keith Hale scores José Esparza to second
|
Batting: LHB Paul Holcomb
|
0-0: Ball 1-0: Called Strike 1-1: Ball 2-1: Foul Ball, location: 2F 2-2: Foul Ball, location: 2F 2-2: Ball 3-2: Ground out 6-3 (Groundball, 6)
|
Bottom of the 3rd over - 1 run(s), 1 hit(s), 0 error(s), 2 left on base; Watertown 0 - Rancho Cucamonga 1 |
TOP OF THE 4TH |
Watertown Headhunters batting - Pitching for Rancho Cucamonga Sick Monkeys : RHP Gerald Dunham
|
Batting: RHB António Trevino
|
0-0: SINGLE (Groundball, 6MD)
|
Batting: LHB Edward Bennett
|
0-0: Called Strike 0-1: Foul Ball, location: 2F 0-2: Ground out 6-3 (Groundball, 6S) António Trevino to second
|
Batting: RHB David Silva
|
0-0: Called Strike 0-1: Foul Ball, location: 2F 0-2: Foul Ball, location: 2F 0-2: Fly out, F7 (Flyball, 7LSF)
|
Batting: LHB Wilson Turner
|
0-0: Called Strike 0-1: Foul Ball, location: 2F 0-2: Ball 1-2: Ball 2-2: Strikes out looking
|
Top of the 4th over - 0 run(s), 1 hit(s), 0 error(s), 1 left on base; Watertown 0 - Rancho Cucamonga 1 |
BOTTOM OF THE 4TH |
Rancho Cucamonga Sick Monkeys batting - Pitching for Watertown Headhunters : RHP Steve Pérez
|
Batting: RHB Arlen Jones
|
0-0: Ball 1-0: Foul Ball, location: 2F 1-1: Ball 2-1: Foul Ball, location: 2F 2-2: Ball 3-2: SOLO HOME RUN (Flyball, 7D), Distance : 421 ft
|
Batting: RHB Lyle Jackson
|
0-0: Ball 1-0: Ball 2-0: Fly out, F7 (Flyball, 7)
|
Batting: LHB Jesús Miranda
|
0-0: Ball 1-0: Ball 2-0: Called Strike 2-1: Foul Ball, location: 2F 2-2: DOUBLE (Flyball, 7LM)
|
Batting: SHB Keith Hale
|
0-0: Ball Jesús Miranda is caught stealing 3rd base 1-0: Foul Ball, location: 2F 1-1: Ball 2-1: Fly out, F9 (Flyball, 9LMF)
|
Bottom of the 4th over - 1 run(s), 2 hit(s), 0 error(s), 0 left on base; Watertown 0 - Rancho Cucamonga 2 |
TOP OF THE 5TH |
Watertown Headhunters batting - Pitching for Rancho Cucamonga Sick Monkeys : RHP Gerald Dunham
|
Batting: RHB Mike Hurt
|
0-0: Ball 1-0: Ball 2-0: Swinging Strike 2-1: Ball 3-1: Called Strike 3-2: Strikes out swinging
|
Batting: LHB Javier Morales
|
0-0: Ball 1-0: Ground out U3 (Groundball, 3L)
|
Batting: RHB Jeff Richardson
|
0-0: Swinging Strike 0-1: Reached on error, E6 (Groundball, 6)
|
Batting: SHB Patrizio Batistuta
|
0-0: Ball 1-0: Fly out, F8 (Flyball, 8RD)
|
Top of the 5th over - 0 run(s), 0 hit(s), 1 error(s), 1 left on base; Watertown 0 - Rancho Cucamonga 2 |
BOTTOM OF THE 5TH |
Rancho Cucamonga Sick Monkeys batting - Pitching for Watertown Headhunters : RHP Steve Pérez
|
Batting: RHB Martín Rodríguez
|
0-0: Foul Ball, location: 2F 0-1: Ball 1-1: Ball 2-1: Ground out 5-3 (Groundball, 56S)
|
Batting: LHB Ed Ballard
|
0-0: Called Strike 0-1: Called Strike 0-2: Reached on error, E4 (Groundball, 34)
|
Batting: LHB José Esparza
|
0-0: Called Strike 0-1: Foul Ball, location: 2F 0-2: Ball 1-2: Ball 2-2: Reached on error, E6 (Popup, 56D) Ed Ballard to second
|
Pitching: RHP Mike Fitzpatrick
|
|
Batting: LHB Carl Hayden
|
0-0: Ball Ed Ballard steals 3rd base José Esparza to second 1-0: Ball 2-0: Ball 3-0: Called Strike 3-1: Base on Balls
|
Batting: LHB Paul Holcomb
|
0-0: Ball 1-0: Foul Ball, location: 2F 1-1: Foul Ball, location: 2F 1-2: Ball 2-2: Ball 3-2: DOUBLE (Flyball, 9LD) Ed Ballard scores José Esparza scores Carl Hayden to third
|
Batting: RHB Arlen Jones
|
0-0: Ball 1-0: Ball 2-0: Foul Ball, location: 2F 2-1: Fly out, F9 (Flyball, 9S)
|
Batting: RHB Lyle Jackson
|
0-0: Called Strike 0-1: Ground out 5-3 (Groundball, 5)
|
Bottom of the 5th over - 2 run(s), 1 hit(s), 2 error(s), 2 left on base; Watertown 0 - Rancho Cucamonga 4 |
TOP OF THE 6TH |
Watertown Headhunters batting - Pitching for Rancho Cucamonga Sick Monkeys : RHP Gerald Dunham
|
Batting: RHB Victor Gilbert
|
0-0: Ball 1-0: Ball 2-0: Ground out 5-3 (Groundball, 56)
|
Batting: RHB António Trevino
|
0-0: Ball 1-0: Ground out 1-3 (Groundball, P)
|
Batting: LHB Edward Bennett
|
0-0: SINGLE (Groundball, 4D)
|
Batting: RHB David Silva
|
0-0: Ball 1-0: Foul Ball, location: 2F 1-1: Ball 2-1: Fielders Choice at 2nd, 6-4 (Groundball, 6)
|
Top of the 6th over - 0 run(s), 1 hit(s), 0 error(s), 0 left on base; Watertown 0 - Rancho Cucamonga 4 |
BOTTOM OF THE 6TH |
Rancho Cucamonga Sick Monkeys batting - Pitching for Watertown Headhunters : RHP Mike Fitzpatrick
|
Batting: LHB Jesús Miranda
|
0-0: TRIPLE (Line Drive, 9D)
|
Batting: SHB Keith Hale
|
0-0: Called Strike 0-1: Ball 1-1: Called Strike 1-2: Ball 2-2: Reached on error, E4 (Groundball, 4) Jesús Miranda scores
|
Batting: RHB Martín Rodríguez
|
0-0: Fly out, F9 (Flyball, 9LSF)
|
Batting: LHB Ed Ballard
|
0-0: Called Strike 0-1: Ball 1-1: Grounds out, U3 (Groundball, 3L)
|
Pitching: RHP Luis Guerrero
|
|
Batting: LHB José Esparza
|
0-0: Ball 1-0: Called Strike 1-1: Ball 2-1: SINGLE (Groundball, 4MD) Keith Hale to third Runner from 3rd tries for Home, SAFE, no throw
|
Batting: LHB Carl Hayden
|
0-0: Foul Ball, location: 2F 0-1: Ball 1-1: Fly out, F9 (Flyball, 9S)
|
Bottom of the 6th over - 2 run(s), 2 hit(s), 1 error(s), 1 left on base; Watertown 0 - Rancho Cucamonga 6 |
TOP OF THE 7TH |
Watertown Headhunters batting - Pitching for Rancho Cucamonga Sick Monkeys : RHP Gerald Dunham
|
Batting: LHB Wilson Turner
|
0-0: Called Strike 0-1: DOUBLE (Flyball, 8RD)
|
Batting: RHB Mike Hurt
|
0-0: Ball 1-0: Fly out, F8 (Flyball, 8RD) Runner from 2nd tags up, SAFE at 3rd, no throw
|
Batting: LHB Javier Morales
|
0-0: Called Strike 0-1: Ball 1-1: Ball 2-1: Foul Ball, location: 2F 2-2: Foul Ball, location: 2F 2-2: Strikes out swinging
|
Pitching: RHP Harry Cuevas
|
|
Batting: RHB Jeff Richardson
|
0-0: Called Strike 0-1: Foul Ball, location: 2F 0-2: Strikes out swinging
|
Top of the 7th over - 0 run(s), 1 hit(s), 0 error(s), 1 left on base; Watertown 0 - Rancho Cucamonga 6 |
BOTTOM OF THE 7TH |
Rancho Cucamonga Sick Monkeys batting - Pitching for Watertown Headhunters : RHP Luis Guerrero
|
Batting: LHB Paul Holcomb
|
0-0: Called Strike 0-1: Ball 1-1: Ball 2-1: Fly out, F8 (Flyball, 8RS)
|
Batting: RHB Arlen Jones
|
0-0: Ball 1-0: Ground out 5-3 (Groundball, 56S)
|
Batting: RHB Lyle Jackson
|
0-0: Called Strike 0-1: Ground out U3 (Groundball, 3L)
|
Bottom of the 7th over - 0 run(s), 0 hit(s), 0 error(s), 0 left on base; Watertown 0 - Rancho Cucamonga 6 |
TOP OF THE 8TH |
Watertown Headhunters batting - Pitching for Rancho Cucamonga Sick Monkeys : RHP Harry Cuevas
|
Now at C: Jesús Ríos
|
|
Now at 1B: Roberto Quińones
|
|
Batting: SHB Patrizio Batistuta
|
0-0: Called Strike 0-1: Ball 1-1: Called Strike 1-2: Ground out U3 (Groundball, 3L)
|
Batting: RHB Victor Gilbert
|
0-0: Foul Ball, location: 2F 0-1: Swinging Strike 0-2: Strikes out swinging
|
Batting: RHB António Trevino
|
0-0: Ball 1-0: Foul Ball, location: 2F 1-1: Ball 2-1: Ball 3-1: Called Strike 3-2: Base on Balls
|
Batting: LHB Edward Bennett
|
0-0: Ball 1-0: Called Strike 1-1: Fly out, F7 (Line Drive, 78M)
|
Top of the 8th over - 0 run(s), 0 hit(s), 0 error(s), 1 left on base; Watertown 0 - Rancho Cucamonga 6 |
BOTTOM OF THE 8TH |
Rancho Cucamonga Sick Monkeys batting - Pitching for Watertown Headhunters : RHP Luis Guerrero
|
Pitching: LHP Joe Jewell
|
|
Batting: LHB Jesús Miranda
|
0-0: Fly out, F8 (Flyball, 8LM)
|
Batting: SHB Keith Hale
|
0-0: Ball 1-0: Called Strike 1-1: SINGLE (Flyball, 9LM)
|
Batting: RHB Martín Rodríguez
|
0-0: Swinging Strike 0-1: Ball 1-1: Ground out 3-1 (Groundball, 34S) Keith Hale to second
|
Batting: LHB Ed Ballard
|
0-0: SINGLE (Flyball, 8RS) Keith Hale to third Runner from 3rd tries for Home, SAFE, no throw
|
Batting: LHB José Esparza
|
0-0: Swinging Strike 0-1: Called Strike 0-2: Ball 1-2: Foul Ball, location: 2F 1-2: Strikes out swinging
|
Bottom of the 8th over - 1 run(s), 2 hit(s), 0 error(s), 1 left on base; Watertown 0 - Rancho Cucamonga 7 |
TOP OF THE 9TH |
Watertown Headhunters batting - Pitching for Rancho Cucamonga Sick Monkeys : RHP Harry Cuevas
|
Pitching: RHP Clyde Fisher
|
|
Now at 3B: Júlio García
|
|
Now at SS: Jorge Maldonado
|
|
Batting: RHB David Silva
|
0-0: Swinging Strike 0-1: Ball 1-1: Swinging Strike 1-2: Strikes out looking
|
Batting: LHB Wilson Turner
|
0-0: SINGLE (Groundball, 4MD)
|
Batting: RHB Mike Hurt
|
0-0: Ball 1-0: Ball 2-0: Fly out, F8 (Flyball, 8LM)
|
Batting: LHB Javier Morales
|
0-0: Ball 1-0: Swinging Strike 1-1: Foul Ball, location: 2F 1-2: Foul Ball, location: 2F 1-2: Ground out 2-3 (Groundball, 15S)
|
Top of the 9th over - 0 run(s), 1 hit(s), 0 error(s), 1 left on base; Watertown 0 - Rancho Cucamonga 7 |
|